 Dungeon Crawl Stone Soup version 0.28-a0-697-g47f3eba078 (webtiles) character file.

Game seed: 13772960114831793625

44 helsbecter the Chopper (level 3, -1/34 HPs)
             Began as a Gargoyle Berserker on Oct 23, 2021.
             Was a Follower of Trog.
             Slain by Crazy Yiuf (9 damage)
             ... on level 2 of the Dungeon.
             The game lasted 00:05:32 (959 turns).

helsbecter the Chopper (Gargoyle Berserker)          Turns: 959, Time: 00:05:33

Health: -1/34      AC:  6    Str: 21    XL:     3   Next: 60%
Magic:  3/3        EV: 11    Int:  7    God:    Trog [*.....]
Gold:   82         SH:  0    Dex:  9    Spells: 2/2 levels left

rFire   + . .      SeeInvis .   m - +4 club (spect)
rCold   . . .      Faith    .   (no shield)
rNeg    + . .      Spirit   .   c - +0 leather armour
rPois   ∞          Reflect  .   (no helmet)
rElec   +          Harm     .   (no cloak)
rCorr   .          Rampage  .   (no gloves)
Will    .....                   (no boots)
Stlth   ..........              (no amulet)
HPRegen 0.11/turn               b - ring of protection from fire
MPRegen 0.08/turn               (no ring)

@: mighty, berserking, very quick
A: sickness immunity, AC +3, negative energy resistance 1, electricity
resistance, torment resistance 1, petrification resistance
a: Renounce Religion, Berserk


You were on level 2 of the Dungeon.
You worshipped Trog.
Trog was aware of your devotion.
You visited 1 branch of the dungeon, and saw 2 of its levels.

You collected 82 gold pieces.

Inventory:

Hand Weapons
 a - a +0 hand axe
 m - a +4 spectral club (weapon)
Missiles
 f - a throwing net (quivered)
 g - 41 stones
 k - 6 atropa-tipped darts
Armour
 c - a +0 leather armour (worn)
Jewellery
 b - a ring of protection from fire (left hand)
Scrolls
 d - a scroll of magic mapping {unknown}
 e - a scroll of blinking {unknown}
 h - a scroll of identify {unknown}
Potions
 i - a potion of might {unknown}
 j - a potion of curing {unknown}
 l - a potion of cancellation {unknown}


   Skills:
 - Level 3.2 Fighting
 + Level 4.1 Axes
 - Level 2.1 Armour
 - Level 1.5 Dodging


You had 2 spell levels left.
You didn't know any spells.
Your spell library was empty.

Dungeon Overview and Level Annotations

Branches:
Dungeon (2/15)

Altars:

Annotations:
D:2 Crazy Yiuf


Innate Abilities, Weirdness & Mutations

You are immune to sickness and miasma.
Your stone body is resilient. (AC +3)
You are immune to poison.
You resist negative energy. (rN+)
You are resistant to electric shocks. (rElec)
You are resistant to unholy torment.
You are immune to petrification.


Message History

Your Axes skill increases to level 4!
You have reached level 3!
Your experience leads to an increase in your attributes!
Increase (S)trength, (I)ntelligence, or (D)exterity?
You feel stronger.
l - a silvery potion
Things that are here:
a +4 spectral club; a +0 robe; the human corpse of Jessica
m - a +4 spectral club You feel a strong urge to attack something.
You feel a bond with your your +4 spectral club.
m - a +4 spectral club (weapon)
You start waiting.
You feel your anger nearly subside.
You are no longer berserk.
You are exhausted.
You feel yourself slow down.
You start waiting.
You feel yourself speed up.
You now have 82 gold pieces (gained 11).
You recover from your berserk rage.
Found a mace.
Found a runed translucent door.
Crazy Yiuf shouts!
Crazy Yiuf cries, "Rot canine mobile!"
You open the door. You hit Crazy Yiuf.
Crazy Yiuf is moderately wounded.
Crazy Yiuf says, "Leather childish agre!"
Crazy Yiuf barely misses you.
You hit Crazy Yiuf.
Crazy Yiuf is heavily wounded.
Crazy Yiuf whimpers, "Cholesterol!"
Crazy Yiuf barely misses you.
Crazy Yiuf hits you with a +4 quarterstaff of chaos!
Ouch! That really hurt!
* * * LOW HITPOINT WARNING * * *
You feel very mighty all of a sudden.
A red film seems to cover your vision as you go berserk!
You feel yourself moving faster!
You feel mighty!
Crazy Yiuf hits you with a +4 quarterstaff of chaos!
You die...

##### #..)#
#...# ...
#g# ##@#
### #.##
#.# ##.#
#.# #.##
#.### ##.##
#...###
#...##
###...#####
#....#
###....<#
#....#
#####†##
##..###
#†#.


You could see Crazy Yiuf.

Vanquished Creatures
  Jessica (D:2)
  A ball python (D:1)
  An endoplasm (D:1)
  2 goblins
  3 kobolds (D:1)
  A quokka (D:1)
  4 bats
  2 frilled lizards (D:1)
  A rat (D:1)
16 creatures vanquished.

Notes
Turn   | Place    | Note
-------+----------+-------------------------------------------
     0 | D:1      | helsbecter the Gargoyle Berserker began the quest for the
                  | Orb.
     0 | D:1      | Reached XP level 1. HP: 14/14 MP: 1/1
   299 | D:1      | Reached skill level 3 in Axes
   339 | D:1      | Reached XP level 2. HP: 18/19 MP: 2/2
   903 | D:2      | Noticed Jessica
   914 | D:2      | Killed Jessica
   915 | D:2      | Reached skill level 4 in Axes
   915 | D:2      | Reached XP level 3. HP: 23/23 MP: 3/3
   952 | D:2      | Found a runed translucent door.
   953 | D:2      | Noticed Crazy Yiuf
   959 | D:2      | Slain by Crazy Yiuf

Illustrated notes

Levels and vault maps discovered:
D:1:      psy_arrival_conway, layout_basic, serial_rivers,
          chequers_serial_rivers_room_b, chequers_serial_rivers_small_a,
          chequers_serial_rivers_micro_b, chequers_serial_rivers_micro_c,
          chequers_serial_rivers_micro_c, chequers_serial_rivers_large_a,
          bh_walls_and_bars
D:2:      layout_rooms, serial_shops, nicolae_square_shop,
          hangedman_decor_growths, uniq_jessica, uniq_crazy_yiuf_cottage,
          uniq_terence

Skill      XL: |  1  2 |
---------------+-------+-----
Axes           | 3 4 |  4.1
Fighting       | |  3.2
Armour         | |  2.1
Dodging        | |  1.5

Action                   || total
-------------------------++-------
Melee: Hand axe          ||    63
       Club              ||     2
Invok: Berserk           ||     2
Armor: Leather armour    ||    25
Dodge: Dodged            ||    44

Table legend: (Time is in decaauts)
 A = Elapsed time spent in this place.
 B = Non-inter-level travel time spent in this place.
 C = Inter-level travel time spent in this place.
 D = Time resting spent in this place.
 E = Time spent auto-exploring this place.
 F = Levels seen in this place.
 G = Mean time per level.
                   A        B        C        D        E       F      G
               +--------+--------+--------+--------+--------+-----+--------+
         Total |    984 |    930 |     54 |    187 |      0 |   2 |  492.0 |
       Dungeon |    984 |    930 |     54 |    187 |      0 |   2 |  492.0 |
               +--------+--------+--------+--------+--------+-----+--------+

Top non-repeatable levels by time:
     D:1: 829 daAuts
     D:2: 154 daAuts
